 Seeded DCSS version 0.29-a0-1023-g6ae1a4a2c7 (webtiles) character file.

Game seed: 13844330289000015782 (custom seed)

3707 Hubris850 the Fencer (level 10, -2/70 HPs)
             Began as a Merfolk Berserker on Aug 11, 2022.
             Was a High Priest of Trog.
             Killed from afar by an electric eel (6 damage)
             ... with a bolt of electricity
             ... on level 5 of the Dungeon.
             The game lasted 00:18:37 (7935 turns).

Hubris850 the Fencer (Merfolk Berserker)            Turns: 7935, Time: 00:18:38

Health: -2/70      AC: 14    Str: 16 (18) XL:     10   Next: 14%
Magic:  10/10      EV:  8    Int:  6 (7)  God:    Trog [*****.]
Gold:   584        SH:  0    Dex: 15 (17) Spells: 9/9 levels left

rFire   + . .      SeeInvis .   u - +3 triple sword (vorpal)
rCold   + . .      Faith    .   (shield currently unavailable)
rNeg    . . .      Spirit   .   t - +2 chain mail {rF+}
rPois   +          Reflect  .   r - +0 helmet of Dishonour {rC+}
rElec   .          Harm     .   (no cloak)
rCorr   +          Rampage  .   l - +1 pair of gloves
Will    .....                   E - +0 pair of boots
Stlth   ..........              f - amulet of regeneration
HPRegen 1.01/turn               m - ring of resist corrosion
MPRegen 0.12/turn               y - ring of poison resistance

@: no status effects
A: (nimble swimmer 2), mertail
a: Renounce Religion, Berserk, Trog's Hand, Brothers in Arms


You were on level 5 of the Dungeon.
You worshipped Trog.
Trog was extremely pleased with you.
You visited 1 branch of the dungeon, and saw 7 of its levels.

You collected 584 gold pieces.

Inventory:

Hand Weapons
 a - a +0 falchion
 d - a +2 dagger of venom
 u - a +3 vorpal triple sword (weapon)
 G - a +0 shortbow of venom
Missiles
 g - 19 poisoned darts (quivered)
Armour
 b - a +0 animal skin
 l - a +1 pair of gloves (worn)
 q - a +0 ring mail
 r - the +0 helmet of Dishonour (worn) {rC+}
   (You took it off Robin on level 2 of the Dungeon)

   rC:        It protects you from cold.
 t - a +2 chain mail of fire resistance (worn)
 E - a +0 pair of boots (worn)
Jewellery
 f - an amulet of regeneration (around neck)
 m - a ring of resist corrosion (left hand)
 v - an amulet of reflection
 y - a ring of poison resistance (right hand)
Wands
 w - a wand of flame (38)
 z - a wand of paralysis (9)
 J - a wand of digging (3)
Scrolls
 e - a scroll of poison
 i - a scroll of torment
 j - a scroll of silence
 k - 3 scrolls of teleportation
 C - 3 scrolls of butterflies
 K - a scroll of enchant armour
Potions
 c - 2 potions of mutation
 h - a potion of flight
 n - 2 potions of invisibility {unknown}
 p - 3 potions of brilliance
 x - 2 potions of attraction
 B - 2 potions of lignification
 D - 2 potions of curing


   Skills:
 - Level 3.2 Fighting
 * Level 16.5 Long Blades
 - Level 1.5 Throwing
 - Level 1.3 Armour
 - Level 4.0 Dodging


You had 9 spell levels left.
You didn't know any spells.
Your spell library was empty.

Dungeon Overview and Level Annotations

Branches:
Dungeon (7/15)             Temple (0/1) D:4

Altars:
Ashenzari
Cheibriados
Dithmenos
Gozag
Hepliaklqana
Qazlal
Trog
Uskayaw
Vehumet
Wu Jian

Shops:
D:7 (*

Annotations:
D:5 exclusion: 2 doors


Innate Abilities, Weirdness & Mutations

((You are very nimble when in or above water. (Stealth+, EV+, Speed+++)))
Your lower body shifts to a powerful aquatic tail in water.


Message History

* * * LOW HITPOINT WARNING * * *
Unknown command.
Unknown command.
Okay, then.
Unknown command.
As you read the scroll of butterflies, it crumbles to dust.
You hear the tinkle of a tiny bell.
The electric eel shoots out a bolt of lightning at you!
The bolt of electricity hits your butterfly!
Your butterfly dies!
Your butterfly disappears in a burst of colours!
The bolt of electricity hits your butterfly!
Your butterfly dies!
Your butterfly disappears in a burst of colours!
The bolt of electricity hits you.
* * * LOW HITPOINT WARNING * * *
The bolt of electricity hits your butterfly!
Your butterfly dies!
Your butterfly disappears in a burst of colours!
The bolt of electricity hits your butterfly!
Your butterfly dies!
Your butterfly disappears in a burst of colours!
The electric eel shoots out a bolt of lightning at you!
The bolt of electricity hits your butterfly!
Your butterfly dies!
Your butterfly disappears in a burst of colours!
The bolt of electricity misses you.
The bolt of electricity hits your butterfly!
Your butterfly dies!
Your butterfly disappears in a burst of colours!
A nearby plant withers and dies.
The electric eel shoots out a bolt of lightning at you!
The bolt of electricity hits your butterfly.
Your butterfly dies!
Your butterfly disappears in a burst of colours!
The bolt of electricity hits your butterfly!
Your butterfly dies!
Your butterfly disappears in a burst of colours!
The bolt of electricity hits you.
You die...

##.......# ############.....#...
#.....### ##..........+.....#...
############..##########.....#...
.............##...)~~~~##........
#......####.##.########.####.....
#......# #.#~##..P.[≈##.# #.....
#......# #†#~#.bbSP~≈≈#.# #.:...
#......# #.#~#bb.bb.?≈#.# #.....
#......####.#.#'@...!S≈#~# #.....
.......'..#.#..#b.~.~S##~###.....
.......##.#.##~##########~##.....
.......+).#..#~~##..P~?≈##~#.####
.......#####.##~#...~.?≈≈#~#.##..
##....## #..#.#....~..≈#.#.##..
#....# ##.#.#+...P~SS#.#.##..
#....# #.#..#..~()≈##'#.####
#....# #.##.########....#


You could see 3 electric eels.

Vanquished Creatures
  Sigmund (D:3)
  A vampire mosquito (D:5)
  4 ice beasts
  A sky beast (D:6)
  A black bear (D:6)
  2 orc warriors
  2 ogres (D:6)
  2 centaurs (D:7)
  3 phantoms
  A necrophage (D:6)
  3 gnoll sergeants
  A kobold brigand (D:6)
  4 scorpions
  9 wights (D:7)
  6 hounds
  A quasit (D:4)
  2 jellies (D:5)
  7 orc priests
  Ijyb (D:3)
  7 iguanas
  3 orc wizards
  Robin (D:2)
  14 gnolls
  7 adders
  A shadow imp (D:4)
  3 white imps
  2 ufetubi (D:4)
  The ghost of gdog the Covert, a weakling GnDe (D:6)
  A dart slug (D:1)
  19 orcs
  4 endoplasms
  2 giant cockroaches
  21 goblins
  15 hobgoblins
  2 jackals (D:1)
  11 kobolds
  3 quokkas
  7 ball pythons
  3 bats
  3 frilled lizards
  6 rats
188 creatures vanquished.

Vanquished Creatures (others)
  50 plants
50 creatures vanquished.

Grand Total: 238 creatures vanquished

Notes
Turn   | Place    | Note
-------+----------+-------------------------------------------
     0 | D:1      | Hubris850 the Merfolk Berserker began the quest for the
                  | Orb.
     0 | D:1      | Reached XP level 1. HP: 18/18 MP: 1/1
    96 | D:1      | Reached skill level 4 in Long Blades
   100 | D:1      | Reached XP level 2. HP: 6/24 MP: 2/2
  1268 | D:1      | Found a faded altar of an unknown god.
  1302 | D:2      | Reached XP level 3. HP: 28/29 MP: 3/3
  1574 | D:2      | Identified the +0 helmet of Dishonour {rC+}
  1574 | D:2      | Noticed Robin
  1583 | D:2      | Reached ** piety under Trog
  1596 | D:2      | Reached skill level 1 in Throwing
  1601 | D:2      | Killed Robin
  1602 | D:2      | Reached skill level 5 in Long Blades
  1602 | D:2      | Reached XP level 4. HP: 12/35 MP: 4/4
  2298 | D:3      | Noticed Ijyb
  2315 | D:3      | Killed Ijyb
  2855 | D:3      | Reached XP level 5. HP: 41/41 MP: 5/5
  2907 | D:3      | Reached skill level 6 in Long Blades
  2975 | D:3      | Noticed Sigmund
  2983 | D:3      | Killed Sigmund
  2984 | D:3      | Reached skill level 7 in Long Blades
  2984 | D:3      | Reached XP level 6. HP: 44/47 MP: 6/6
  3539 | D:4      | Reached skill level 8 in Long Blades
  3600 | D:4      | Reached *** piety under Trog
  3615 | D:4      | Found an opulent altar of Gozag.
  3797 | D:4      | Reached XP level 7. HP: 45/52 MP: 7/7
  3841 | D:4      | Reached skill level 9 in Long Blades
  3896 | D:4      | Found a staircase to the Ecumenical Temple.
  4453 | D:5      | Entered Level 5 of the Dungeon
  4651 | D:5      | Found a stormy altar of Qazlal.
  4808 | D:5      | Reached skill level 10 in Long Blades
  4885 | D:5      | Reached XP level 8. HP: 58/58 MP: 8/8
  4925 | D:5      | Reached skill level 11 in Long Blades
  4938 | D:5      | Found a radiant altar of Vehumet.
  5384 | D:6      | Reached skill level 12 in Long Blades
  5518 | D:6      | Reached **** piety under Trog
  5753 | D:7      | Reached skill level 13 in Long Blades
  5765 | D:7      | Reached XP level 9. HP: 49/64 MP: 9/9
  5857 | D:7      | Found Keomyeny's Assorted Antiques.
  5877 | D:7      | Reached skill level 14 in Long Blades
  6030 | D:7      | Found Uhesky's Weapon Boutique.
  6192 | D:6      | Reached skill level 15 in Long Blades
  6362 | D:6      | Noticed gdog's ghost (weakling GnDe)
  6363 | D:6      | Found a runed translucent door.
  6387 | D:6      | Killed gdog's ghost
  6774 | D:6      | Reached skill level 16 in Long Blades
  6774 | D:6      | Reached XP level 10. HP: 53/70 MP: 10/10
  7172 | D:6      | Found a broken altar of Ashenzari.
  7180 | D:6      | Found a bloodstained altar of Trog.
  7181 | D:6      | Found an ornate altar of the Wu Jian Council.
  7182 | D:6      | Found a hazy altar of Hepliaklqana.
  7182 | D:6      | Found a hide-covered altar of Uskayaw.
  7182 | D:6      | Found a snail-covered altar of Cheibriados.
  7183 | D:6      | Found a shadowy altar of Dithmenos.
  7454 | D:7      | Reached ***** piety under Trog
  7934 | D:5      | HP: 3/70 [electric eel/bolt of electricity (2)]
  7935 | D:5      | Killed from afar by an electric eel

Illustrated notes

Levels and vault maps discovered:
D:1:      onia_arrival_mini_spirals, layout_loops_ring,
          hellmonk_ecumenical_altar_leap_of_faith
D:2:      layout_basic, uniq_robin
D:3:      layout_basic, nicolae_eternal_life, uniq_ijyb, uniq_sigmund
D:4:      kennysheep_the_goblin_king, layout_basic, pf_just_have_faith,
          minmay_temple_entry_fiery, serial_demonic, serial_demonic_c,
          serial_demonic_b, serial_demonic_c, serial_demonic_g, st_stairs_8
D:5:      cheibrodos_two_vegetables, layout_basic,
          nicolae_overflow_hidden_temple, grunt_qazlal_clouds
D:6:      kennysheep_housing_project, layout_basic, minitemple,
          gammafunk_ghost_grave, chequers_serial_rivers_marsh
D:7:      layout_basic, serial_shops, nicolae_take_the_stairs,
          nicolae_shop_trees, minmay_misc_feat_rugged

Skill      XL: |  1  2  3  4  5  6  7  8  9 |
---------------+----------------------------+-----
Long Blades    | 4 5 7 8 10 13 16 | 16.5
Dodging        | 3 4 |  4.0
Throwing       | 1 |  1.5
Fighting       | |  3.2
Armour         | |  1.3

Action                   |  1- 3 |  4- 6 |  7- 9 | 10-12 || total
-------------------------+-------+-------+-------+-------++-------
Melee: Falchion          |    20 |       |       |       ||    20
       Punch             |     1 |       |       |       ||     1
       Dagger            |    60 |    40 |       |       ||   100
       Triple sword      |       |    81 |   212 |    42 ||   335
       Tailslap          |       |       |     1 |       ||     1
Throw: Dart              |       |     2 |       |       ||     2
Invok: Berserk           |     2 |     1 |       |       ||     3
Evoke: Wand              |       |     5 |     2 |       ||     7
  Use: Scroll            |       |       |    13 |     7 ||    20
       Potion            |       |       |       |     3 ||     3
 Stab: Sleeping          |     1 |       |       |       ||     1
       Paralysed         |       |       |     1 |       ||     1
Armor: Animal skin       |     6 |       |       |       ||     6
       Ring mail         |     5 |     3 |       |       ||     8
       Chain mail        |       |    79 |   158 |    18 ||   255
Dodge: Dodged            |    47 |    78 |    88 |    18 ||   231

Table legend: (Time is in decaauts)
 A = Elapsed time spent in this place.
 B = Non-inter-level travel time spent in this place.
 C = Inter-level travel time spent in this place.
 D = Time resting spent in this place.
 E = Time spent auto-exploring this place.
 F = Levels seen in this place.
 G = Mean time per level.
                   A        B        C        D        E       F      G
               +--------+--------+--------+--------+--------+-----+--------+
         Total |   7978 |   7697 |    281 |   1298 |   5000 |   7 | 1139.7 |
       Dungeon |   7978 |   7697 |    281 |   1298 |   5000 |   7 | 1139.7 |
               +--------+--------+--------+--------+--------+-----+--------+

Top non-repeatable levels by time:
     D:6: 1621 daAuts
     D:3: 1311 daAuts
     D:1: 1295 daAuts
     D:4: 980 daAuts
     D:7: 932 daAuts
     D:2: 921 daAuts
     D:5: 915 daAuts
